 Dungeon Crawl Stone Soup version 0.31.0-11-ge490571c62 (webtiles) character file.

Game seed: 12682079135087246437

10 Ashen the Sneak (level 2, -4/20 HPs)
             Began as a Gnoll Enchanter on Feb 5, 2024.
             Slain by a ribbon worm (8 damage)
             ... on level 2 of the Dungeon.
             The game lasted 00:01:18 (911 turns).

Ashen the Sneak (Gnoll Enchanter)                    Turns: 911, Time: 00:01:19

Health: -4/20      AC:  2    Str:  7    XL:     2   Next: 20%
Magic:  7/7        EV: 13    Int: 14    God:
Gold:   37         SH:  0    Dex: 12    Spells: 10/10 levels left

rFire   . . .        a - +1 dagger
rCold   . . .        (no shield)
rNeg    . . .        b - +0 robe
rPois   .            (no helmet)
rElec   .            (no cloak)
rCorr   .            (no gloves)
SInv    .            (no boots)
Will    .....        (no amulet)
Stlth   +++          (no ring)
HPRegen 0.23/turn    (no ring)
MPRegen 0.10/turn

%: no passive effects
@: no status effects
A: fangs 1, strong nose, distributed training
a: no special abilities


You were on level 2 of the Dungeon.
You visited 1 branch of the dungeon, and saw 2 of its levels.

You collected 37 gold pieces.

Inventory:

Hand Weapons
 a - a +1 dagger (weapon)
Armour
 b - a +0 robe (worn)
Scrolls
 d - a scroll of enchant weapon {unknown}
 e - a scroll of poison {unknown}
 h - a scroll of teleportation {unknown}
 m - a scroll of vulnerability {unknown}
Potions
 c - 2 potions of invisibility
 f - a potion of enlightenment {unknown}
 g - a potion of berserk rage {unknown}
 i - 2 potions of curing {unknown}
 j - a potion of attraction {unknown}
 k - a potion of heal wounds {unknown}
 l - a potion of brilliance {unknown}


   Skills:
 + Level 0.3 Fighting
 + Level 2.4 Short Blades
 + Level 0.3 Long Blades
 + Level 0.3 Axes
 + Level 0.3 Maces & Flails
 + Level 0.3 Polearms
 + Level 0.3 Staves
 + Level 0.3 Ranged Weapons
 + Level 0.3 Throwing
 + Level 0.3 Armour
 + Level 4.4 Dodging
 + Level 5.9 Stealth
 + Level 0.3 Shields
 + Level 0.3 Unarmed Combat
 + Level 4.9 Spellcasting
 + Level 0.2 Conjurations
 + Level 5.3 Hexes
 + Level 0.2 Summonings
 + Level 0.2 Necromancy
 + Level 0.2 Translocations
 + Level 0.2 Fire Magic
 + Level 0.2 Ice Magic
 + Level 0.2 Air Magic
 + Level 0.2 Earth Magic
 + Level 0.2 Alchemy
 + Level 0.4 Invocations
 + Level 0.3 Evocations
 + Level 0.2 Shapeshifting


You had 10 spell levels left.
You didn't know any spells.
Your spell library contained the following spells:

 Spells                   Type           Power      Damage    Failure   Level
 Confusing Touch          Hex            18%        N/A       6%          3
 Tukima's Dance           Hex            18%        N/A       6%          3
 Ensorcelled Hibernation  Hex/Ice        22%        N/A       9%          2
 Dazzling Flash           Conj/Hex       22%        N/A       17%         3


Dungeon Overview and Level Annotations

Branches:
Dungeon (2/15)

Altars:

Shops:
D:2 :


Innate Abilities, Weirdness & Mutations

You have very sharp teeth.
Your uncanny sense of smell can sniff out nearby items.
Your experience applies equally to all skills.


Message History

You don't know any spells.
Sorry, you're not good enough to have a special ability.
Unknown command.
You barely miss the ribbon worm.
You bite the ribbon worm, but do no damage.
The ribbon worm closely misses you.
You hit the ribbon worm.
The ribbon worm is lightly wounded.
You hit the ribbon worm.
You bite the ribbon worm, but do no damage.
The ribbon worm is lightly wounded.
The ribbon worm expels a string of sticky webbing.
The stream of webbing misses you.
You barely miss the ribbon worm.
The ribbon worm is lightly wounded.
The ribbon worm closely misses you.
You hit the ribbon worm.
The ribbon worm is lightly wounded.
You hit the ribbon worm.
You bite the ribbon worm, but do no damage.
The ribbon worm is moderately wounded.
The ribbon worm bites you.
You hit the ribbon worm.
The ribbon worm is heavily wounded.
The ribbon worm bites you but does no damage.
You barely miss the ribbon worm.
The ribbon worm is moderately wounded.
The ribbon worm bites you.
The ribbon worm expels a string of sticky webbing.
The stream of webbing hits you but does no damage.
You are caught in a web!
There is a web here.
You struggle to detach yourself from the web.
The web tears apart.
The ribbon worm attacks as it pursues you!
The ribbon worm bites you.
* * * LOW HITPOINT WARNING * * *
The ribbon worm attacks as it pursues you!
The ribbon worm bites you!
You die...

#.#.........#
#<#####.#.###
#..........#
#.###.###..# #.#
#.# #..# ########.#
#.# #..#
∆.........# #.#
#>.#
####.###.###.###..#
# #.w@.......#
#.###.###..###.#
#....# .# ####.# #
#.# #.. ####


You could see a ribbon worm (catching breath).

Vanquished Creatures
  A ball python (D:1)
  2 endoplasms (D:1)
  2 giant cockroaches
  A goblin (D:1)
  A hobgoblin (D:1)
  A kobold (D:1)
8 creatures vanquished.

Notes
Turn   | Place    | Note
-------+----------+-------------------------------------------
     0 | D:1      | Ashen the Gnoll Enchanter began the quest for the Orb.
     0 | D:1      | Reached XP level 1. HP: 13/13 MP: 6/6
   365 | D:1      | Reached XP level 2. HP: 19/19 MP: 7/7
   843 | D:2      | Found Icuun's Book Shoppe.
   911 | D:2      | Slain by a ribbon worm

Illustrated notes

Levels and vault maps discovered:
D:1:      spicycebolla_green_bress_n_ham_2, layout_basic,
          minmay_stone_trees_small, dk_noncrumbling_2, hex_large
D:2:      layout_loops_ring, serial_shops, nicolae_shop_peninsula

Action                     || total
---------------------------++-------
  Melee: Dagger            ||    25
         Bite              ||     5
   Stab: Sleeping          ||     4
 Armour: Robe              ||    10
  Dodge: Dodged            ||     9
